TOP OF THE 1ST |
South Bend Cubs batting - Pitching for Dayton Dragons : RHP Jeremy Whooley
|
Pitching: RHP Jeremy Whooley
|
|
Batting: LHB Sumiki Okuhara
|
0-0: Ball 1-0: Foul Ball, location: 2F 1-1: Called Strike 1-2: Strikes out swinging
|
Batting: LHB Alex Ramos
|
0-0: Ball 1-0: Ball 2-0: Called Strike 2-1: SINGLE (Groundball, 6S, EV 65.6 MPH) (infield hit)
|
Batting: RHB Nick Beecher
|
0-0: Ball 1-0: Ball 2-0: Ball 3-0: Base on Balls Alex Ramos to second
|
Batting: LHB Melvin Salgado
|
0-0: Swinging Strike 0-1: Ball 1-1: Ball Passed Ball! Alex Ramos to third Nick Beecher to second 2-1: Ball 3-1: Foul Ball, location: 2F 3-2: Base on Balls
|
Batting: RHB Jon Aguilar
|
0-0: Called Strike 0-1: Ball 1-1: Foul Ball, location: 2F 1-2: Strikes out swinging
|
Batting: RHB Tim Long
|
0-0: Foul Ball, location: 2F 0-1: Foul Ball, location: 2F 0-2: SINGLE (Groundball, 4MD, EV 103.8 MPH) Alex Ramos scores Nick Beecher to third Melvin Salgado to second Runner from 3rd tries for Home, SAFE, throw by CF to home
|
Batting: RHB Du Kim
|
0-0: SINGLE (Groundball, 4M, EV 95.6 MPH) (infield hit) Melvin Salgado to third Tim Long to second
|
Batting: RHB Jerry Blas
|
0-0: Ball 1-0: Called Strike 1-1: Foul Ball, location: 2F 1-2: Ball 2-2: SINGLE (Groundball, 34D, EV 100.6 MPH) Melvin Salgado scores Tim Long to third Du Kim to second Runner from 3rd tries for Home, SAFE, throw by RF to home
|
Batting: RHB Bartolo Aguilar
|
0-0: Called Strike 0-1: Ball 1-1: Ball 2-1: Called Strike 2-2: Strikes out swinging
|
Top of the 1st over - 4 runs, 4 hits, 0 errors, 2 left on base; South Bend 4 - Dayton 0 |
BOTTOM OF THE 1ST |
Dayton Dragons batting - Pitching for South Bend Cubs : RHP Chris Allen
|
Pitching: RHP Chris Allen
|
|
Batting: RHB Eric Sullivan
|
0-0: Ball 1-0: Foul Ball, location: 2F 1-1: Fly out, F7 (Flyball, 7, EV 82.5 MPH)
|
Batting: RHB Pedro Pinero
|
0-0: Ball 1-0: Swinging Strike 1-1: Foul Ball, location: 2F 1-2: Foul Ball, location: 2F 1-2: Strikes out swinging
|
Batting: LHB Chris Redhead
|
0-0: Swinging Strike 0-1: Ball 1-1: Foul Ball, location: 2F 1-2: Ball 2-2: Foul Ball, location: 2F 2-2: Ball 3-2: Foul Ball, location: 2F 3-2: Ground out 6-3 (Groundball, 6S, EV 83.1 MPH)
|
Bottom of the 1st over - 0 runs, 0 hits, 0 errors, 0 left on base; South Bend 4 - Dayton 0 |
TOP OF THE 2ND |
South Bend Cubs batting - Pitching for Dayton Dragons : RHP Jeremy Whooley
|
Batting: LHB Sumiki Okuhara
|
0-0: Called Strike 0-1: Swinging Strike 0-2: Strikes out looking
|
Batting: LHB Alex Ramos
|
0-0: Ball 1-0: Foul Ball, location: 2F 1-1: Ball 2-1: Ball 3-1: Foul Ball, location: 2F 3-2: Strikes out swinging
|
Batting: RHB Nick Beecher
|
0-0: Swinging Strike 0-1: Ball 1-1: Swinging Strike 1-2: Ball 2-2: Strikes out swinging
|
Top of the 2nd over - 0 runs, 0 hits, 0 errors, 0 left on base; South Bend 4 - Dayton 0 |
BOTTOM OF THE 2ND |
Dayton Dragons batting - Pitching for South Bend Cubs : RHP Chris Allen
|
Batting: LHB Ray Walden
|
0-0: Ball 1-0: Ball 2-0: Ball 3-0: Base on Balls
|
Batting: RHB Dave Ruiz
|
0-0: Ball 1-0: Ball 2-0: Foul Ball, location: 2F 2-1: Foul Ball, location: 2F 2-2: DOUBLE (Groundball, 5L, EV 98.1 MPH) Ray Walden to third
|
Batting: RHB Tony Casas
|
0-0: Ball 1-0: Ball 2-0: Ground out 5-3 (Groundball, 56, EV 87.5 MPH) Ray Walden scores
|
Batting: SHB Travis Morris
|
0-0: Ball 1-0: Called Strike 1-1: Called Strike 1-2: Fly out, F8 (Flyball, 89M, EV 88.8 MPH)
|
Batting: LHB Brian Snyder
|
0-0: Ground out 4-3 (Groundball, 34, EV 99.4 MPH)
|
Bottom of the 2nd over - 1 run, 1 hit, 0 errors, 1 left on base; South Bend 4 - Dayton 1 |
TOP OF THE 3RD |
South Bend Cubs batting - Pitching for Dayton Dragons : RHP Jeremy Whooley
|
Batting: LHB Melvin Salgado
|
0-0: Foul Ball, location: 2F 0-1: Called Strike 0-2: Ball 1-2: DOUBLE (Groundball, 3L, EV 98.1 MPH)
|
Batting: RHB Jon Aguilar
|
0-0: Ball 1-0: Ball 2-0: Called Strike 2-1: Foul Ball, location: 2F 2-2: Foul Ball, location: 2F 2-2: Ball 3-2: Strikes out swinging
|
Batting: RHB Tim Long
|
0-0: Foul Ball, location: 2F 0-1: Ball 1-1: Fly out, F8 (Flyball, 8LS, EV 89.4 MPH)
|
Batting: RHB Du Kim
|
0-0: Swinging Strike 0-1: Fly out, F4 (Popup, 4M, EV 68.8 MPH)
|
Top of the 3rd over - 0 runs, 1 hit, 0 errors, 1 left on base; South Bend 4 - Dayton 1 |
BOTTOM OF THE 3RD |
Dayton Dragons batting - Pitching for South Bend Cubs : RHP Chris Allen
|
Pitching: RHP Carlos Zavala
|
|
Batting: RHB Pat Mage
|
0-0: Ball 1-0: Ball 2-0: SINGLE (Groundball, 56, EV 98.8 MPH) (infield hit)
|
Batting: RHB Eric Sullivan
|
Pickoff Play to 1st, Runner tries for 2nd, OUT after rundown. 0-0: Foul Ball, location: 2F 0-1: Ball 1-1: Swinging Strike 1-2: Ball 2-2: Strikes out swinging
|
Batting: RHB Pedro Pinero
|
0-0: Foul Ball, location: 2F 0-1: Ball 1-1: Ball 2-1: Ball 3-1: Foul Ball, location: 2F 3-2: Fly out, F3 (Popup, 34S, EV 85.0 MPH)
|
Bottom of the 3rd over - 0 runs, 1 hit, 0 errors, 0 left on base; South Bend 4 - Dayton 1 |
TOP OF THE 4TH |
South Bend Cubs batting - Pitching for Dayton Dragons : RHP Jeremy Whooley
|
Batting: RHB Jerry Blas
|
0-0: Called Strike 0-1: Ball 1-1: Called Strike 1-2: Ground out 6-3 (Groundball, 6, EV 109.4 MPH)
|
Batting: RHB Bartolo Aguilar
|
0-0: Ball 1-0: Ground out 6-3 (Groundball, P, EV 82.5 MPH)
|
Batting: LHB Sumiki Okuhara
|
0-0: Called Strike 0-1: Ball 1-1: Foul Ball, location: 2F 1-2: Ball 2-2: Ground out 4-3 (Groundball, 4, EV 85.0 MPH)
|
Top of the 4th over - 0 runs, 0 hits, 0 errors, 0 left on base; South Bend 4 - Dayton 1 |
BOTTOM OF THE 4TH |
Dayton Dragons batting - Pitching for South Bend Cubs : RHP Carlos Zavala
|
Batting: LHB Chris Redhead
|
0-0: Foul Ball, location: 2F 0-1: Foul Ball, location: 2F 0-2: Foul Ball, location: 2F 0-2: Ground out 6-3 (Groundball, 6, EV 84.4 MPH)
|
Batting: LHB Ray Walden
|
0-0: Ball 1-0: Swinging Strike 1-1: Ball 2-1: Swinging Strike 2-2: Foul Ball, location: 2F 2-2: Foul Ball, location: 2F 2-2: Hit by Pitch
|
Batting: RHB Dave Ruiz
|
0-0: Ball 1-0: Called Strike 1-1: Swinging Strike 1-2: Ball 2-2: Ball 3-2: Base on Balls Ray Walden to second
|
Pitching: RHP Jean-Paul Lefebvre
|
|
Batting: RHB Tony Casas
|
0-0: Ball 1-0: Ball 2-0: Swinging Strike 2-1: Ball 3-1: Base on Balls Ray Walden to third Dave Ruiz to second
|
Batting: SHB Travis Morris
|
0-0: Foul Ball, location: 2F 0-1: Ball 1-1: Fielders Choice at 2nd, 3-6 (Groundball, 3, EV 95.6 MPH) Ray Walden scores Dave Ruiz to third
|
Batting: LHB Brian Snyder
|
0-0: Ball 1-0: SINGLE (Groundball, 34D, EV 96.2 MPH) Dave Ruiz scores Travis Morris to second Runner from 2nd tries for 3rd, SAFE, throw by RF made to third
|
Pinch Hitting: SHB Rich Ranaldi
|
0-0: Called Strike 0-1: Ball 1-1: 3-RUN HOME RUN (Flyball, 89XD, EV 106.2 MPH), Distance : 428 ft
|
Batting: RHB Eric Sullivan
|
0-0: Foul Ball, location: 2F 0-1: Ball 1-1: Ball 2-1: Ball 3-1: Base on Balls
|
Pitching: LHP Joey Lowe
|
|
Batting: RHB Pedro Pinero
|
0-0: Foul Ball, location: 2F 0-1: Ball 1-1: Ball 2-1: Foul Ball, location: 2F 2-2: Foul Ball, location: 2F 2-2: Foul Ball, location: 2F 2-2: Ball 3-2: Fly out, F7 (Flyball, 78M, EV 75.6 MPH)
|
Bottom of the 4th over - 5 runs, 2 hits, 0 errors, 1 left on base; South Bend 4 - Dayton 6 |
TOP OF THE 5TH |
South Bend Cubs batting - Pitching for Dayton Dragons : RHP Jeremy Whooley
|
Now in CF: Matt Silva
|
|
Batting: LHB Alex Ramos
|
0-0: Fly out, F7 (Flyball, 78S, EV 71.9 MPH)
|
Batting: RHB Nick Beecher
|
0-0: Ball 1-0: Ball 2-0: Ball 3-0: Base on Balls
|
Pitching: RHP Ken Armstrong
|
|
Batting: LHB Melvin Salgado
|
0-0: Called Strike 0-1: Ball 1-1: Ball 2-1: Ball 3-1: SINGLE (Flyball, 3D, EV 95.6 MPH) Nick Beecher to second
|
Batting: RHB Jon Aguilar
|
0-0: Called Strike 0-1: Called Strike 0-2: Foul Ball, location: 2F 0-2: Strikes out swinging
|
Batting: RHB Tim Long
|
0-0: Called Strike 0-1: SINGLE (Groundball, 34D, EV 105.6 MPH) Nick Beecher to third Melvin Salgado to second Runner from 3rd tries for Home, SAFE, throw by RF to home
|
Batting: RHB Du Kim
|
0-0: Ball 1-0: Swinging Strike 1-1: Ball 2-1: DOUBLE (Line Drive, 5D, EV 98.1 MPH) Melvin Salgado scores Tim Long to third
|
Batting: RHB Jerry Blas
|
0-0: Foul Ball, location: 2F 0-1: Called Strike 0-2: Fly out, F6 (Popup, 6S, EV 86.2 MPH)
|
Top of the 5th over - 2 runs, 3 hits, 0 errors, 2 left on base; South Bend 6 - Dayton 6 |
BOTTOM OF THE 5TH |
Dayton Dragons batting - Pitching for South Bend Cubs : LHP Joey Lowe
|
Batting: LHB Chris Redhead
|
0-0: Called Strike 0-1: Ball 1-1: Swinging Strike 1-2: Ball 2-2: Foul Ball, location: 2F 2-2: Foul Ball, location: 2F 2-2: SINGLE (Groundball, 34D, EV 98.1 MPH)
|
Batting: LHB Ray Walden
|
0-0: Ball 1-0: Called Strike 1-1: Ball 2-1: Foul Ball, location: 2F 2-2: Grounds into double play, 4-6-3 (Groundball, 34, EV 83.8 MPH)
|
Pitching: RHP Josh Deyo
|
|
Batting: RHB Dave Ruiz
|
0-0: Ball 1-0: Swinging Strike 1-1: Ball 2-1: Swinging Strike 2-2: Strikes out looking
|
Bottom of the 5th over - 0 runs, 1 hit, 0 errors, 0 left on base; South Bend 6 - Dayton 6 |
TOP OF THE 6TH |
South Bend Cubs batting - Pitching for Dayton Dragons : RHP Ken Armstrong
|
Batting: RHB Bartolo Aguilar
|
0-0: Foul Ball, location: 2F 0-1: Ball 1-1: Ball 2-1: SINGLE (Line Drive, 6D, EV 94.4 MPH)
|
Batting: LHB Sumiki Okuhara
|
0-0: Ball Bartolo Aguilar is caught stealing 2nd base 2-6 1-0: Swinging Strike 1-1: Called Strike 1-2: Foul Ball, location: 2F 1-2: Ball 2-2: SINGLE (Groundball, 34D, EV 98.1 MPH) (infield hit)
|
Batting: LHB Alex Ramos
|
0-0: Ball 1-0: Called Strike 1-1: Foul Ball, location: 2F 1-2: Ball 2-2: Foul Ball, location: 2F 2-2: Ball 3-2: Fielders Choice at 2nd, 4-6 (Groundball, 4, EV 99.4 MPH)
|
Batting: RHB Nick Beecher
|
0-0: Ball 1-0: Fielders Choice at 2nd, 6-4 (Groundball, 6, EV 82.5 MPH)
|
Top of the 6th over - 0 runs, 2 hits, 0 errors, 1 left on base; South Bend 6 - Dayton 6 |
BOTTOM OF THE 6TH |
Dayton Dragons batting - Pitching for South Bend Cubs : RHP Josh Deyo
|
Batting: RHB Tony Casas
|
0-0: Called Strike 0-1: Foul Ball, location: 2F 0-2: Hit by Pitch
|
Batting: SHB Travis Morris
|
0-0: Called Strike 0-1: Ball 1-1: Foul Ball, location: 2F 1-2: Foul Ball, location: 2F 1-2: Ball 2-2: SINGLE (Groundball, 4MD, EV 95.6 MPH) Tony Casas to second Tony Casas to third
|
Batting: LHB Brian Snyder
|
0-0: Ball 1-0: Ball 2-0: Ball 3-0: Base on Balls Travis Morris to second
|
Pitching: LHP Andres Lobato
|
|
Batting: RHB Matt Silva
|
0-0: Ball 1-0: Called Strike 1-1: Grounds into fielders choice 4-2 (Groundball, 4, EV 83.1 MPH) Travis Morris to third Brian Snyder to second
|
Batting: RHB Eric Sullivan
|
0-0: Foul Ball, location: 2F 0-1: Fly out, F8 (Flyball, 89M, EV 89.4 MPH)
|
Batting: RHB Pedro Pinero
|
0-0: Ball 1-0: Ball 2-0: Ball 3-0: Base on Balls Travis Morris scores Brian Snyder to third Matt Silva to second
|
Batting: LHB Chris Redhead
|
0-0: Ball 1-0: Foul Ball, location: 2F 1-1: Ball 2-1: Swinging Strike 2-2: Ball 3-2: SINGLE (Line Drive, 56D, EV 94.4 MPH) Brian Snyder scores Matt Silva to third Pedro Pinero to second Matt Silva scores Pedro Pinero to third
|
Batting: RHB Jordan Torres
|
0-0: Fielders Choice at 2nd, 6-4 (Groundball, 56, EV 100.0 MPH)
|
Bottom of the 6th over - 3 runs, 2 hits, 0 errors, 2 left on base; South Bend 6 - Dayton 9 |
TOP OF THE 7TH |
South Bend Cubs batting - Pitching for Dayton Dragons : RHP Ken Armstrong
|
Now at 2B: Phil Lomax
|
|
Batting: LHB Melvin Salgado
|
0-0: Called Strike 0-1: Foul Ball, location: 2F 0-2: Ball 1-2: Foul Ball, location: 2F 1-2: Foul Ball, location: 2F 1-2: Ball 2-2: Ground out 6-3 (Groundball, 4M, EV 92.5 MPH)
|
Batting: RHB Jon Aguilar
|
0-0: SINGLE (Groundball, 6MD, EV 95.0 MPH)
|
Batting: RHB Tim Long
|
0-0: Called Strike Jon Aguilar is caught stealing 2nd base 2-4 0-1: Swinging Strike 0-2: Fly out, F4 (Flyball, 4MD, EV 83.1 MPH)
|
Top of the 7th over - 0 runs, 1 hit, 0 errors, 0 left on base; South Bend 6 - Dayton 9 |
BOTTOM OF THE 7TH |
Dayton Dragons batting - Pitching for South Bend Cubs : LHP Andres Lobato
|
Pitching: RHP Phil Holmes
|
|
Batting: RHB Dave Ruiz
|
0-0: Ball 1-0: Called Strike 1-1: Ball 2-1: Foul Ball, location: 2F 2-2: Ball 3-2: SINGLE (Groundball, 6M, EV 101.9 MPH) (infield hit)
|
Batting: RHB Tony Casas
|
0-0: Ball 1-0: Sac Bunt to 15 - play at first, batter OUT! 1-3 Dave Ruiz to second
|
Batting: SHB Travis Morris
|
0-0: Ball Dave Ruiz steals 3rd base 1-0: Foul Ball, location: 2F 1-1: Ball 2-1: SINGLE (Flyball, 89S, EV 90.0 MPH) Dave Ruiz scores
|
Batting: LHB Brian Snyder
|
0-0: Ball 1-0: SINGLE (Groundball, 6MD, EV 111.2 MPH) Travis Morris to second
|
Batting: RHB Matt Silva
|
0-0: Foul Ball, location: 2F 0-1: Foul Ball, location: 2F 0-2: Foul Ball, location: 2F 0-2: Strikes out swinging
|
Pitching: RHP Josh Mott
|
|
Batting: LHB Phil Lomax
|
0-0: Ball 1-0: Foul Ball, location: 2F 1-1: Ball 2-1: Foul Ball, location: 2F 2-2: Ball 3-2: Foul Ball, location: 2F 3-2: Base on Balls Travis Morris to third Brian Snyder to second
|
Batting: RHB Pedro Pinero
|
0-0: Fly out, F8 (Line Drive, 8RD, EV 86.9 MPH)
|
Bottom of the 7th over - 1 run, 3 hits, 0 errors, 3 left on base; South Bend 6 - Dayton 10 |
TOP OF THE 8TH |
South Bend Cubs batting - Pitching for Dayton Dragons : RHP Ken Armstrong
|
Batting: RHB Du Kim
|
0-0: Ground out 6-3 (Groundball, 6, EV 76.9 MPH)
|
Batting: RHB Jerry Blas
|
0-0: Called Strike 0-1: Swinging Strike 0-2: Strikes out swinging
|
Batting: RHB Bartolo Aguilar
|
0-0: Ball 1-0: Foul Ball, location: 2F 1-1: Ball 2-1: Swinging Strike 2-2: Foul Ball, location: 2F 2-2: Ball 3-2: Foul Ball, location: 2F 3-2: Fly out, F4 (Popup, 34, EV 66.9 MPH)
|
Top of the 8th over - 0 runs, 0 hits, 0 errors, 0 left on base; South Bend 6 - Dayton 10 |
BOTTOM OF THE 8TH |
Dayton Dragons batting - Pitching for South Bend Cubs : RHP Josh Mott
|
Batting: LHB Chris Redhead
|
0-0: Ball 1-0: Called Strike 1-1: Foul Ball, location: 2F 1-2: Foul Ball, location: 2F 1-2: Ball 2-2: Ground out U3 (Groundball, 3, EV 86.2 MPH)
|
Batting: RHB Jordan Torres
|
0-0: Ball 1-0: Ball 2-0: Ball 3-0: Called Strike 3-1: Base on Balls
|
Batting: RHB Dave Ruiz
|
0-0: Ball 1-0: SINGLE (Groundball, 5S, EV 63.1 MPH) (infield hit) Jordan Torres to second
|
Batting: RHB Tony Casas
|
0-0: Ball 1-0: Foul Ball, location: 2F 1-1: Foul Ball, location: 2F 1-2: Ball 2-2: Ball 3-2: Base on Balls Jordan Torres to third Dave Ruiz to second
|
Batting: SHB Travis Morris
|
0-0: Foul Ball, location: 2F 0-1: Fly out, F8 (Line Drive, 89M, EV 94.4 MPH) Runner from 3rd tags up, SCORES, no throw by CF
|
Batting: LHB Brian Snyder
|
0-0: Called Strike 0-1: Swinging Strike 0-2: Foul Ball, location: 2F 0-2: Foul Ball, location: 2F 0-2: SINGLE (Flyball, 5D, EV 95.6 MPH) Dave Ruiz to third Tony Casas to second
|
Batting: RHB Matt Silva
|
0-0: Swinging Strike 0-1: TRIPLE (Line Drive, 9D, EV 100.0 MPH) Dave Ruiz scores Tony Casas scores Brian Snyder scores
|
Batting: LHB Phil Lomax
|
0-0: Ball 1-0: Called Strike 1-1: Ball 2-1: Ball 3-1: Base on Balls
|
Batting: RHB Pedro Pinero
|
0-0: Ball 1-0: Fly out, F9 (Line Drive, 9LM, EV 96.2 MPH)
|
Bottom of the 8th over - 4 runs, 3 hits, 0 errors, 2 left on base; South Bend 6 - Dayton 14 |
TOP OF THE 9TH |
South Bend Cubs batting - Pitching for Dayton Dragons : RHP Ken Armstrong
|
Batting: LHB Sumiki Okuhara
|
0-0: Called Strike 0-1: Ball 1-1: Foul Ball, location: 2F 1-2: Foul Ball, location: 2F 1-2: Foul Ball, location: 2F 1-2: Strikes out looking
|
Pitching: RHP Brian Trejo
|
|
Batting: LHB Alex Ramos
|
0-0: Ball 1-0: Ball 2-0: Foul Ball, location: 2F 2-1: Ball 3-1: Base on Balls
|
Batting: RHB Nick Beecher
|
0-0: Called Strike 0-1: Ball 1-1: Foul Ball, location: 2F 1-2: Foul Ball, location: 2F 1-2: Strikes out swinging
|
Batting: LHB Melvin Salgado
|
0-0: Ball 1-0: Ground out 4-3 (Groundball, 4, EV 90.0 MPH)
|
Top of the 9th over - 0 runs, 0 hits, 0 errors, 1 left on base; South Bend 6 - Dayton 14 |
|